TOP OF THE 1ST |
Waba Ducks batting - Pitching for Wisconsin Timber Rattlers : LHP Jamie Lawson
|
Pitching: LHP Jamie Lawson
|
|
Batting: RHB Don Keating
|
0-0: Ball 1-0: Ball 2-0: Ball 3-0: Called Strike 3-1: Base on Balls
|
Batting: RHB Ed Small
|
0-0: Ball Wild Pitch! Don Keating to second 1-0: Ground out 6-3 (Groundball, 6) Don Keating to third
|
Batting: LHB Terry White
|
0-0: DOUBLE (Line Drive, 78S) Don Keating scores
|
Batting: RHB Pepe Medrano
|
0-0: Ball 1-0: Ground out 5-3 (Groundball, 56)
|
Batting: SHB Cisco Álvarez
|
0-0: Ball 1-0: Swinging Strike 1-1: Ball 2-1: Ball 3-1: Foul Ball, location: 2F 3-2: Fly out, F8 (Flyball, 8LM)
|
Top of the 1st over - 1 run(s), 1 hit(s), 0 error(s), 1 left on base; Waba 1 - Wisconsin 0 |
BOTTOM OF THE 1ST |
Wisconsin Timber Rattlers batting - Pitching for Waba Ducks : RHP Martín Ortíz
|
Pitching: RHP Martín Ortíz
|
|
Batting: LHB Marv Walker
|
0-0: Ball 1-0: SINGLE (Line Drive, 6D)
|
Batting: RHB Koin Tanaka
|
0-0: Foul Ball, location: 2F 0-1: Grounds into double play, 1-6-3 (Groundball, 23)
|
Batting: RHB Murdoch Norton
|
0-0: Ball 1-0: SINGLE (Line Drive, 6D)
|
Batting: RHB Alfredo Padilla
|
0-0: Ball 1-0: Called Strike 1-1: Ball 2-1: Foul Ball, location: 2F 2-2: Fly out, F8 (Flyball, 8LD)
|
Bottom of the 1st over - 0 run(s), 2 hit(s), 0 error(s), 1 left on base; Waba 1 - Wisconsin 0 |
TOP OF THE 2ND |
Waba Ducks batting - Pitching for Wisconsin Timber Rattlers : LHP Jamie Lawson
|
Batting: LHB Joaquín González
|
0-0: Ball 1-0: Swinging Strike 1-1: Ball 2-1: Fly out, F7 (Flyball, 7M)
|
Batting: LHB Javier Orozco
|
0-0: Ground out 4-3 (Groundball, 4M)
|
Batting: RHB Ramón Torres
|
0-0: Ball 1-0: Foul Ball, location: 2F 1-1: Ball 2-1: Ball 3-1: Foul Ball, location: 2F 3-2: Fly out, F4 (Popup, 89S)
|
Top of the 2nd over - 0 run(s), 0 hit(s), 0 error(s), 0 left on base; Waba 1 - Wisconsin 0 |
BOTTOM OF THE 2ND |
Wisconsin Timber Rattlers batting - Pitching for Waba Ducks : RHP Martín Ortíz
|
Batting: LHB Tony Ortíz
|
0-0: Ball 1-0: Ground out 4-3 (Groundball, 4)
|
Batting: RHB Vicente Vélez
|
0-0: Swinging Strike 0-1: Ball 1-1: Swinging Strike 1-2: Strikes out swinging
|
Batting: RHB António Pérez
|
0-0: Called Strike 0-1: Fly out, F9 (Popup, 9S)
|
Bottom of the 2nd over - 0 run(s), 0 hit(s), 0 error(s), 0 left on base; Waba 1 - Wisconsin 0 |
TOP OF THE 3RD |
Waba Ducks batting - Pitching for Wisconsin Timber Rattlers : LHP Jamie Lawson
|
Batting: RHB Alberto Sandoval
|
0-0: Ball 1-0: Foul Ball, location: 2F 1-1: Ball 2-1: Ball 3-1: Foul Ball, location: 2F 3-2: Strikes out swinging
|
Batting: RHB Don Keating
|
0-0: Ball 1-0: Swinging Strike 1-1: Ball 2-1: Foul Ball, location: 2F 2-2: Ball 3-2: Ground out 5-3 (Groundball, 5L)
|
Batting: RHB Ed Small
|
0-0: Called Strike 0-1: Ground out 4-3 (Groundball, 4)
|
Top of the 3rd over - 0 run(s), 0 hit(s), 0 error(s), 0 left on base; Waba 1 - Wisconsin 0 |
BOTTOM OF THE 3RD |
Wisconsin Timber Rattlers batting - Pitching for Waba Ducks : RHP Martín Ortíz
|
Batting: RHB Ulysse Bélisle
|
0-0: Called Strike 0-1: Ground out 4-3 (Groundball, 34D)
|
Batting: RHB Joseph Stone
|
0-0: Ball 1-0: Ball 2-0: Ball 3-0: Base on Balls
|
Batting: LHB Marv Walker
|
0-0: Ball 1-0: Called Strike 1-1: Swinging Strike 1-2: Ball 2-2: Ball 3-2: Base on Balls Joseph Stone to second
|
Batting: RHB Koin Tanaka
|
0-0: Ball 1-0: Called Strike 1-1: Foul Ball, location: 2F 1-2: Foul Ball, location: 2F 1-2: Ball 2-2: Strikes out swinging
|
Batting: RHB Murdoch Norton
|
0-0: Called Strike 0-1: Ball 1-1: Swinging Strike 1-2: Ground out 6-3 (Groundball, 6)
|
Bottom of the 3rd over - 0 run(s), 0 hit(s), 0 error(s), 2 left on base; Waba 1 - Wisconsin 0 |
TOP OF THE 4TH |
Waba Ducks batting - Pitching for Wisconsin Timber Rattlers : LHP Jamie Lawson
|
Batting: LHB Terry White
|
0-0: Called Strike 0-1: Foul Ball, location: 2F 0-2: Ball 1-2: Foul Ball, location: 2F 1-2: Foul Ball, location: 2F 1-2: Ball 2-2: Fly out, F8 (Flyball, 8LD)
|
Batting: RHB Pepe Medrano
|
0-0: Foul Ball, location: 2F 0-1: Ball 1-1: Ball 2-1: Ball 3-1: Called Strike 3-2: Fly out, F3 (Popup, 3F)
|
Batting: SHB Cisco Álvarez
|
0-0: Called Strike 0-1: Ball 1-1: Ball 2-1: Fly out, F9 (Flyball, 9LM)
|
Top of the 4th over - 0 run(s), 0 hit(s), 0 error(s), 0 left on base; Waba 1 - Wisconsin 0 |
BOTTOM OF THE 4TH |
Wisconsin Timber Rattlers batting - Pitching for Waba Ducks : RHP Martín Ortíz
|
Batting: RHB Alfredo Padilla
|
0-0: Called Strike 0-1: Fly out, F8 (Flyball, 8RM)
|
Batting: LHB Tony Ortíz
|
0-0: Called Strike 0-1: Ground out 1-3 (Groundball, 13S)
|
Batting: RHB Vicente Vélez
|
0-0: Ball 1-0: Ball 2-0: Called Strike 2-1: Foul Ball, location: 2F 2-2: SINGLE (Line Drive, 4D)
|
Batting: RHB António Pérez
|
0-0: Ball 1-0: Called Strike 1-1: Ball 2-1: 2-RUN HOME RUN (Flyball, 7D), Distance : 387 ft
|
Batting: RHB Ulysse Bélisle
|
0-0: Called Strike 0-1: Foul Ball, location: 2F 0-2: Foul Ball, location: 2F 0-2: Fly out, F7 (Flyball, 7S)
|
Bottom of the 4th over - 2 run(s), 2 hit(s), 0 error(s), 0 left on base; Waba 1 - Wisconsin 2 |
TOP OF THE 5TH |
Waba Ducks batting - Pitching for Wisconsin Timber Rattlers : LHP Jamie Lawson
|
Batting: LHB Joaquín González
|
0-0: Ball 1-0: Ground out 5-3 (Groundball, 56S)
|
Batting: LHB Javier Orozco
|
0-0: Called Strike 0-1: Ball 1-1: Foul Ball, location: 2F 1-2: Fly out, F9 (Flyball, 8RM)
|
Batting: RHB Ramón Torres
|
0-0: Swinging Strike 0-1: Foul Ball, location: 2F 0-2: Ball 1-2: Strikes out swinging
|
Top of the 5th over - 0 run(s), 0 hit(s), 0 error(s), 0 left on base; Waba 1 - Wisconsin 2 |
BOTTOM OF THE 5TH |
Wisconsin Timber Rattlers batting - Pitching for Waba Ducks : RHP Martín Ortíz
|
Batting: RHB Joseph Stone
|
0-0: Ball 1-0: Ball 2-0: Swinging Strike 2-1: Ball 3-1: Ground out 5-3 (Groundball, 15S)
|
Batting: LHB Marv Walker
|
0-0: Ball 1-0: Foul Ball, location: 2F 1-1: Foul Ball, location: 2F 1-2: SINGLE (Groundball, 56D)
|
Batting: RHB Koin Tanaka
|
0-0: Ball 1-0: Ball 2-0: SINGLE (Groundball, 34D) Marv Walker to second Runner from 2nd tries for 3rd, SAFE, throw made to third
|
Batting: RHB Murdoch Norton
|
0-0: Ball 1-0: Ball 2-0: Ball 3-0: Called Strike 3-1: SINGLE (Groundball, 6MD) Marv Walker scores Koin Tanaka to second Throwing error, E8 Koin Tanaka scores Murdoch Norton to second
|
Batting: RHB Alfredo Padilla
|
0-0: Called Strike 0-1: Ball 1-1: Foul Ball, location: 2F 1-2: DOUBLE (Groundball, 5L) Murdoch Norton scores
|
Pitching: RHP Sergio Torres
|
|
Batting: LHB Tony Ortíz
|
0-0: Ball 1-0: Ball 2-0: Ball 3-0: Called Strike 3-1: Ground out U3 (Groundball, 3S) Alfredo Padilla to third
|
Batting: RHB Vicente Vélez
|
0-0: Ball 1-0: Ground out 6-3 (Groundball, 6)
|
Bottom of the 5th over - 3 run(s), 4 hit(s), 1 error(s), 1 left on base; Waba 1 - Wisconsin 5 |
TOP OF THE 6TH |
Waba Ducks batting - Pitching for Wisconsin Timber Rattlers : LHP Jamie Lawson
|
Batting: RHB Alberto Sandoval
|
0-0: Foul Ball, location: 2F 0-1: Ground out 6-3 (Groundball, 6)
|
Batting: RHB Don Keating
|
0-0: Fly out, F8 (Flyball, 8RXD)
|
Batting: RHB Ed Small
|
0-0: Ball 1-0: Ball 2-0: DOUBLE (Groundball, 3L)
|
Batting: LHB Terry White
|
0-0: Called Strike 0-1: Ball 1-1: Ball 2-1: Ball 3-1: Base on Balls
|
Pitching: RHP Germán Arredondo
|
|
Batting: RHB Pepe Medrano
|
0-0: Ball 1-0: Ball 2-0: Called Strike 2-1: Ball 3-1: Base on Balls Ed Small to third Terry White to second
|
Batting: SHB Cisco Álvarez
|
0-0: Ball 1-0: Ball 2-0: Ball 3-0: Base on Balls Ed Small scores Terry White to third Pepe Medrano to second
|
Batting: LHB Joaquín González
|
0-0: Foul Ball, location: 2F 0-1: Swinging Strike 0-2: Strikes out swinging
|
Top of the 6th over - 1 run(s), 1 hit(s), 0 error(s), 3 left on base; Waba 2 - Wisconsin 5 |
BOTTOM OF THE 6TH |
Wisconsin Timber Rattlers batting - Pitching for Waba Ducks : RHP Sergio Torres
|
Batting: RHB António Pérez
|
0-0: Fly out, F9 (Flyball, 9M)
|
Batting: RHB Ulysse Bélisle
|
0-0: Ball 1-0: Swinging Strike 1-1: Foul Ball, location: 2F 1-2: Strikes out swinging
|
Batting: RHB Joseph Stone
|
0-0: Called Strike 0-1: Swinging Strike 0-2: Strikes out swinging
|
Bottom of the 6th over - 0 run(s), 0 hit(s), 0 error(s), 0 left on base; Waba 2 - Wisconsin 5 |
TOP OF THE 7TH |
Waba Ducks batting - Pitching for Wisconsin Timber Rattlers : RHP Germán Arredondo
|
Batting: LHB Javier Orozco
|
0-0: Ball 1-0: Foul Ball, location: 2F 1-1: Swinging Strike 1-2: Ball 2-2: Fly out, F9 (Line Drive, 89S)
|
Batting: RHB Ramón Torres
|
0-0: Called Strike 0-1: Swinging Strike 0-2: Foul Ball, location: 2F 0-2: Ball 1-2: Strikes out swinging
|
Batting: RHB Alberto Sandoval
|
0-0: Foul Ball, location: 2F 0-1: Swinging Strike 0-2: Ball 1-2: Strikes out looking
|
Top of the 7th over - 0 run(s), 0 hit(s), 0 error(s), 0 left on base; Waba 2 - Wisconsin 5 |
BOTTOM OF THE 7TH |
Wisconsin Timber Rattlers batting - Pitching for Waba Ducks : RHP Sergio Torres
|
Batting: LHB Marv Walker
|
0-0: Called Strike 0-1: Swinging Strike 0-2: Ground out 5-3 (Groundball, 56S)
|
Pitching: RHP Yodo Nishikawa
|
|
Batting: RHB Koin Tanaka
|
0-0: Called Strike 0-1: Ball 1-1: Ground out 6-3 (Groundball, 6)
|
Batting: RHB Murdoch Norton
|
0-0: Called Strike 0-1: Swinging Strike 0-2: Strikes out swinging
|
Bottom of the 7th over - 0 run(s), 0 hit(s), 0 error(s), 0 left on base; Waba 2 - Wisconsin 5 |
TOP OF THE 8TH |
Waba Ducks batting - Pitching for Wisconsin Timber Rattlers : RHP Germán Arredondo
|
Batting: RHB Don Keating
|
0-0: Ball 1-0: Ball 2-0: Foul Ball, location: 2F 2-1: Ball 3-1: Bunt missed! 3-2: Ground out 4-3 (Groundball, 4)
|
Batting: RHB Ed Small
|
0-0: Ball 1-0: Foul Ball, location: 2F 1-1: Ball 2-1: Foul Ball, location: 2F 2-2: Ball 3-2: Base on Balls
|
Pitching: LHP José García
|
|
Batting: LHB Terry White
|
0-0: Foul Ball, location: 2F 0-1: Ball 1-1: Swinging Strike 1-2: Ball 2-2: Strikes out looking
|
Pitching: RHP Richard Hardin
|
|
Batting: RHB Pepe Medrano
|
0-0: Fly out, F8 (Line Drive, 8LXD)
|
Top of the 8th over - 0 run(s), 0 hit(s), 0 error(s), 1 left on base; Waba 2 - Wisconsin 5 |
BOTTOM OF THE 8TH |
Wisconsin Timber Rattlers batting - Pitching for Waba Ducks : RHP Yodo Nishikawa
|
Batting: RHB Alfredo Padilla
|
0-0: Foul Ball, location: 2F 0-1: Ball 1-1: Fly out, F9 (Flyball, 89XD)
|
Batting: LHB Tony Ortíz
|
0-0: Ball 1-0: SINGLE (Line Drive, 34)
|
Batting: RHB Vicente Vélez
|
0-0: Ball 1-0: Grounds into double play, U6-3 (Groundball, 6M)
|
Bottom of the 8th over - 0 run(s), 1 hit(s), 0 error(s), 0 left on base; Waba 2 - Wisconsin 5 |
TOP OF THE 9TH |
Waba Ducks batting - Pitching for Wisconsin Timber Rattlers : RHP Richard Hardin
|
Pitching: RHP Mike Brown
|
|
Batting: SHB Cisco Álvarez
|
0-0: Swinging Strike 0-1: Called Strike 0-2: Ball 1-2: Strikes out swinging
|
Batting: LHB Joaquín González
|
0-0: Ball 1-0: Swinging Strike 1-1: Ball 2-1: Called Strike 2-2: Fly out, F7 (Flyball, 78M)
|
Batting: LHB Javier Orozco
|
0-0: Called Strike 0-1: Called Strike 0-2: Foul Ball, location: 2F 0-2: Ball 1-2: Strikes out swinging
|
Top of the 9th over - 0 run(s), 0 hit(s), 0 error(s), 0 left on base; Waba 2 - Wisconsin 5 |
|